 Dungeon Crawl Stone Soup version 0.23.2-1-ga50397a (webtiles) character file.

Game seed: 7523577879896027474

29 Iscandelvey the Vexing (level 3, 13/26 HPs)
             Began as a Demonspawn Arcane Marksman on Apr 19, 2019.
             Quit the game on level 1 of the Dungeon.
             The game lasted 00:00:44 (386 turns).

Iscandelvey the Vexing (Demonspawn Arcane Marksman)  Turns: 386, Time: 00:00:44

Health: 13/26      AC:  2    Str: 10    XL:     3   Next: 1%
Magic:  4/4        EV: 12    Int: 15    God:
Gold:   48         SH:  4    Dex: 13    Spells: 3/4 levels left

rFire    . . .     SeeInvis .   a - +0 hand crossbow
rCold    . . .     Gourm    .   (no shield)
rNeg     . . .     Faith    .   e - +0 robe
rPois    .         Spirit   .   (helmet restricted)
rElec    .         Reflect  .   (no cloak)
rCorr    .         Harm     .   (no gloves)
MR       .....                  (no boots)
Stlth    +.........             (no amulet)
HPRegen  0.08/turn              (no ring)
MPRegen  0.09/turn              (no ring)

@: no status effects
A: horns 1, large bone plates 1
a: no special abilities


You were on level 1 of the Dungeon.
You were not hungry.

You visited 1 branch of the dungeon, and saw 1 of its levels.

You collected 48 gold pieces.

Inventory:

Hand Weapons
 a - a +0 hand crossbow (weapon)
Missiles
 d - 4 bolts (quivered)
Armour
 e - a +0 robe (worn)
Jewellery
 g - a cursed amulet of inaccuracy {unknown}
Scrolls
 b - a scroll of blinking {unknown}
 c - a scroll of remove curse {unknown}
 h - 2 scrolls of identify {unknown}
Comestibles
 f - a ration


   Skills:
 + Level 1.0 Fighting
 + Level 2.2 Crossbows
 + Level 2.0 Dodging
 + Level 1.0 Spellcasting
 + Level 3.7 Hexes


You had 3 spell levels left.
You knew the following spells:

 Your Spells              Type           Power        Failure   Level  Hunger
a - Corona                Hex            ##.....      5%          1    ##.....

Your spell library contained the following spells:

 Spells                   Type           Power        Failure   Level  Hunger
 Slow                     Hex            ##......     9%          2    ###....
 Inner Flame              Hex/Fire       #.......     34%         3    ####...
 Portal Projectile        Hex/Tloc       #.....       34%         3    ####...
 Cause Fear               Hex            ##........   47%         4    #####..
 Leda's Liquefaction      Hex/Erth       #.........   75%         4    #####..


Dungeon Overview and Level Annotations

Branches:
Dungeon (1/15)

Altars:


Innate Abilities, Weirdness & Mutations

You have a pair of small horns on your head.
You are partially covered in large bone plates. (SH +4)


Message History

A goblin is nearby!
You are too injured to fight recklessly!
A goblin is nearby!
You are too injured to fight recklessly!
A goblin is nearby!
Firing (i - inventory)
d - 6 bolts (quivered)
Press: ? - help, Shift-Dir - straight line, f/p - goblin
Aim: a goblin, wielding a +0 dagger You shoot a bolt.
The bolt closely misses the goblin.
The goblin misses you.
Firing (i - inventory)
d - 5 bolts (quivered)
Press: ? - help, Shift-Dir - straight line, f/p - goblin
Aim: a goblin, wielding a +0 dagger You shoot a bolt.
The bolt hits the goblin!
You kill the goblin!
You have reached level 3!
Your experience leads to an increase in your attributes!
Increase (S)trength, (I)ntelligence, or (D)exterity?
You feel clever.
Your demonic ancestry asserts itself...
A pair of horns grows on your head!
Are you sure you want to abandon this character and quit the game? (Confirm with "yes".)

#### ...# ...# # ...#
##### # ...#### ..(...#
# ......## ..# #.. #
.).##..########### ...#
#.. #
...###.......>...#....#
#.#### ...#
###########@)..(#
#..... ...# ####...#
###.## .### #... #..#
.# ## # ##.. .## #.
###. ..# #..##... #.#
##### #....## #.# #...#
###...# #.# ###...#
#...#.#


There were no monsters in sight!

Vanquished Creatures
  2 dart slugs (D:1)
  A leopard gecko (D:1)
  A ball python (D:1)
  7 goblins (D:1)
  3 hobgoblins (D:1)
  3 kobolds (D:1)
  2 bats (D:1)
  A frilled lizard (D:1)
  2 rats (D:1)
22 creatures vanquished.

Notes
Turn   | Place    | Note
-------+----------+-------------------------------------------
     0 | D:1      | Iscandelvey the Demonspawn Arcane Marksman began the quest
                  | for the Orb.
     0 | D:1      | Reached XP level 1. HP: 15/15 MP: 2/2
    81 | D:1      | Gained mutation: You are partially covered in large bone
                  | plates. (SH +4) [demonic ancestry]
    81 | D:1      | Reached XP level 2. HP: 21/21 MP: 3/3
   385 | D:1      | Gained mutation: You have a pair of small horns on your
                  | head. [demonic ancestry]
   385 | D:1      | Reached XP level 3. HP: 13/26 MP: 4/4
   386 | D:1      | Quit the game

Skill      XL: |  1  2 |
---------------+-------+-----
Dodging        | 2 |  2.0
Crossbows      | 2 |  2.2
Fighting       | |  1.0
Spellcasting   | |  1.0
Hexes          | |  3.7

Action                   || total
-------------------------++-------
 Fire: Hand crossbow     ||    61
Armor: Robe              ||     5
Dodge: Dodged            ||    21
Block: Other             ||     5
